 Dungeon Crawl Stone Soup version 0.24.0-13-gcf9b3192b9 (webtiles) character file.

Game seed: 11357420090042316639, levelgen mode: deterministic

57 Iamsoldier the Digger (level 4, -1/24 HPs)
             Began as a Gargoyle Earth Elementalist on Nov 6, 2019.
             Slain by Terence
             ... wielding a +0 short sword
              (5 damage)
             ... on level 2 of the Dungeon.
             The game lasted 00:07:12 (2158 turns).

Iamsoldier the Digger (Gargoyle Earth Elementalist) Turns: 2158, Time: 00:07:13

Health: -1/24      AC:  5    Str: 12    XL:     4   Next: 0%
Magic:  0/8        EV: 12    Int: 16    God:
Gold:   74         SH:  0    Dex: 10    Spells: 4/8 levels left

rFire    . . .     SeeInvis .   m - +0 whip
rCold    . . .     Gourm    .   (no shield)
rNeg     + . .     Faith    .   c - +0 robe
rPois    ∞         Spirit   .   (no helmet)
rElec    +         Reflect  .   (no cloak)
rCorr    .         Harm     .   (no gloves)
MR       .....                  (no boots)
Stlth    ++........             (no amulet)
HPRegen  0.08/turn              o - ring of poison resistance
MPRegen  0.11/turn              (no ring)

@: no status effects
A: negative energy resistance 1, electricity resistance, unbreathing,
petrification resistance, rot immunity, AC +3
a: no special abilities


You were on level 2 of the Dungeon.
You were very hungry.

You visited 1 branch of the dungeon, and saw 2 of its levels.

You collected 74 gold pieces.

Inventory:

Hand Weapons
 m - a +0 whip (weapon)
Missiles
 b - 42 stones (quivered)
Armour
 c - a +0 robe (worn)
Jewellery
 o - a ring of poison resistance (left hand)
Scrolls
 e - a scroll of remove curse {unknown}
 f - a scroll of enchant weapon {unknown}
 i - 2 scrolls of identify {unknown}
Potions
 a - 2 potions of magic {unknown}
 g - a potion of lignification {unknown}
 h - a potion of mutation {unknown}
 j - a potion of might {unknown}
 k - a potion of heal wounds {unknown}
 n - a potion of curing {unknown}
Comestibles
 d - a ration


   Skills:
 - Level 1.5 Dodging
 - Level 2.2 Stealth
 + Level 2.7 Spellcasting
 + Level 1.0 Conjurations
   Level 0.7 Transmutations
 + Level 4.8 Earth Magic


You had 4 spell levels left.
You knew the following spells:

 Your Spells              Type           Power        Failure   Level  Hunger
a - Sandblast             Erth           ###...       2%          1    #......
b - Stone Arrow           Conj/Erth      ##....       17%         3    ###....

Your spell library contained the following spells:

 Spells                   Type           Power        Failure   Level  Hunger
 Passwall                 Tmut/Erth      ##......     10%         2    ##.....
 Petrify                  Tmut/Erth      ##......     52%         4    #####..
 Lee's Rapid Deconstruct  Erth           ###.......   58%         5    ######.


Dungeon Overview and Level Annotations

Branches:
Dungeon (2/15)

Altars:

Annotations:
D:2 Terence


Innate Abilities, Weirdness & Mutations

You are resistant to torment.
Your stone body is resilient. (AC +3)
You are immune to poison.
You resist negative energy. (rN+)
You are resistant to electric shocks. (rElec)
You can survive without breathing.
You are immune to petrification.
You are immune to rotting.


Message History

You barely miss Terence.
Terence is severely wounded.
Terence hits you with a +0 short sword.
* * * LOW HITPOINT WARNING * * *
Terence says, "Time to say good-bye..."
Terence barely misses you.
You barely miss Terence.
Terence is severely wounded.
Terence hits you with a +0 short sword.
* * * LOW HITPOINT WARNING * * *
Casting: Stone Arrow (safe; 17% risk of failure)
Confirm with . or Enter, or press ? or * to list all spells.
Aiming: Sandblast (safe; 2% risk of failure)
Press: ? - help, Shift-Dir - straight line, f/p - Terence
Aim: Terence, wielding a +0 short sword and wearing a +0 chain mail (severely wounded)
The blast of sand hits Terence but does no damage.
Terence is severely wounded.
b - 42 stones Terence hits you with a +0 short sword.
You die...

###.#.### # # #.#
#.#...# #.## #.#
#.###.### #.#. # #.# #.#
#[..##### #... #. #.#
#.# ###.....# ######.
#.###.# #.#
#####.###...... ...#.#
#.# #..........
####.#.####.####
##..#######
#............@@# #..##
#..........###.######.##
#........<.# #).......#
#..........# ##########
#..........#
#...(......#
#..........#
############


You could see Terence.

Vanquished Creatures
  An adder (D:2)
  An ooze (D:1)
  2 dart slugs (D:1)
  2 leopard geckos
  5 bats
  A giant cockroach (D:2)
  3 goblins (D:1)
  4 hobgoblins
  5 jackals (D:1)
  5 kobolds (D:1)
  A ball python (D:1)
  A frilled lizard (D:1)
  4 rats
35 creatures vanquished.

Notes
Turn   | Place    | Note
-------+----------+-------------------------------------------
     0 | D:1      | Iamsoldier the Gargoyle Earth Elementalist began the quest
                  | for the Orb.
     0 | D:1      | Reached XP level 1. HP: 10/10 MP: 3/3
    51 | D:1      | Reached skill level 4 in Earth Magic
   358 | D:1      | Reached XP level 2. HP: 15/15 MP: 3/5
   728 | D:1      | Reached XP level 3. HP: 18/19 MP: 4/6
   740 | D:1      | Learned a level 3 spell: Stone Arrow
  1694 | D:2      | Reached skill level 1 in Conjurations
  2041 | D:2      | Reached XP level 4. HP: 24/24 MP: 8/8
  2056 | D:2      | Noticed Terence
  2158 | D:2      | Slain by Terence

Levels and vault maps discovered:
D:1:      lightli_arrival_farm, layout_basic, serial_bayou_pond_c,
          minmay_misc_feat_ornament, minmay_misc_feat_alley
D:2:      layout_rooms, uniq_terence

Skill      XL: |  1  2  3 |
---------------+----------+-----
Earth Magic    | 4 |  4.8
Conjurations   | 1 |  1.0
Dodging        | |  1.5
Stealth        | |  2.2
Spellcasting   | |  2.7
Transmutations | |  0.7

Action                   |  1- 3 |  4- 6 || total
-------------------------+-------+-------++-------
Melee: Unarmed           |    10 |       ||    10
       Club              |    25 |       ||    25
       Whip              |    51 |    12 ||    63
 Cast: Sandblast         |    24 |    16 ||    40
       Stone Arrow       |       |     1 ||     1
 Stab: Distracted        |     1 |       ||     1
       Sleeping          |     1 |       ||     1
  Eat: Ration            |     1 |       ||     1
Armor: Robe              |    38 |     9 ||    47
Dodge: Dodged            |    72 |    13 ||    85
